 Dungeon Crawl Stone Soup version 0.28-a0-1510-gd0f6b136d3 (webtiles) character file.

Game seed: 15279784926265984666

9880 avis the Cleaver (level 11, -6/94 HPs)
             Began as a Deep Dwarf Necromancer on Jan 16, 2022.
             Was a Priest of Makhleb.
             Mangled by a four-headed hydra (12 damage)
             ... on level 9 of the Dungeon.
             The game lasted 01:35:40 (14924 turns).

avis the Cleaver (Deep Dwarf Necromancer)          Turns: 14924, Time: 01:35:43

Health: -6/94      AC:  9    Str: 14    XL:     11   Next: 28%
Magic:  15/34 (16) EV: 13    Int: 18    God:    Makhleb [***...]
Gold:   128        SH:  0    Dex: 13    Spells: 14/18 levels left

rFire   . . .      SeeInvis .   b - +9 hand axe of Sloth {flame, *Slow +Blink rElec MP+9}
rCold   . . .      Faith    +   (no shield)
rNeg    + . .      Spirit   .   V - +0 steam dragon scales
rPois   .          Reflect  .   v - +0 helmet
rElec   +          Harm     .   I - +0 cloak
rCorr   .          Rampage  .   O - +0 pair of gloves
Will    +....                   (no boots)
Stlth   +++.......              u - amulet of faith
HPRegen 0.00/turn               k - ring of positive energy
MPRegen 0.24/turn               p - ring of magical power

@: no status effects
A: damage resistance, heal wounds, sense surroundings 2, no regeneration
a: Heal Wounds, Renounce Religion, Evoke Blink, Minor Destruction, Lesser
Servant of Makhleb


You were on level 9 of the Dungeon.
You worshipped Makhleb.
Makhleb was most pleased with you.
You visited 2 branches of the dungeon, and saw 10 of its levels.

You collected 296 gold pieces.
You spent 168 gold pieces at shops.

Inventory:

Hand Weapons
 a - the +9 hand axe of the Crawling Thing {venom, rN+ Dex+3 Stlth+}
   (You bought it in a shop on level 5 of the Dungeon)

   It poisons the flesh of those it strikes.
   Dex:       It affects your dexterity (+3).
   rN:        It protects you from negative energy.
   Stlth:     It makes you more stealthy.
 b - the +9 hand axe of Sloth (weapon) {flame, *Slow +Blink rElec MP+9}
   (You took it off a deep elf pyromancer on level 9 of the Dungeon)

   It burns those it strikes, dealing additional fire damage.
   Big, fiery blades are also staple armaments of hydra-hunters.
   rElec:     It insulates you from electricity.
   MP:        It affects your magic capacity (+9).
   +Blink:    It lets you blink.
   *Slow:     It may slow you when you take damage.
 w - a +0 vampiric hand axe
 B - a +0 longbow
 C - a +2 short sword of draining
 G - a +2 hand axe of flaming
 N - a +2 vorpal broad axe
Missiles
 l - a throwing net
 q - 135 arrows
 x - 26 poisoned darts
 J - 74 stones
Armour
 v - a +0 helmet (worn)
 F - a +0 robe of fire resistance
 I - a +0 cloak (worn)
 O - a +0 pair of gloves (worn)
 P - the +7 Kryia's mail coat {PotionHeal*2 rC+}
   (You found it on level 9 of the Dungeon)

   Potions are twice as effective at healing its wearer.
   rC:        It protects you from cold.
 U - a +0 buckler
 V - +0 steam dragon scales (worn)
Magical Staves
 o - a staff of air
 L - a staff of death
Jewellery
 j - a ring of willpower
 k - a ring of positive energy (left hand)
 p - a ring of magical power (right hand)
 u - an amulet of faith (around neck)
 A - a +6 ring of dexterity
 D - an amulet of reflection
Wands
 t - a wand of paralysis (9)
 E - a wand of flame (15)
 K - a wand of acid (8)
 Q - a wand of digging (2)
Scrolls
 d - 4 scrolls of noise {unknown}
 h - 2 scrolls of fear {unknown}
 i - 3 scrolls of summoning {unknown}
 n - 4 scrolls of blinking {unknown}
 r - 3 scrolls of teleportation {unknown}
 s - a scroll of magic mapping {unknown}
 y - 2 scrolls of immolation {unknown}
 M - a scroll of silence {unknown}
 R - a scroll of identify
Potions
 c - a potion of haste
 e - 2 potions of berserk rage
 f - 3 potions of might
 g - 5 potions of curing
 m - 4 potions of heal wounds
 z - 2 potions of cancellation
 H - a potion of lignification
 W - a potion of magic {unknown}


   Skills:
 - Level 5.0 Fighting
 - Level 14.0 Axes
 - Level 4.0 Armour
 - Level 4.0 Dodging
 - Level 6.0 Stealth
 * Level 3.3 Shields
 - Level 4.0 Spellcasting
 - Level 7.0 Necromancy
 - Level 6.0 Invocations


You had 14 spell levels left.
You knew the following spells:

 Your Spells              Type           Power      Damage    Failure   Level
a - Pain                  Necr           100%       1d9       1%          1
d - Vampiric Draining     Necr           28%        2d8       2%          3

Your spell library contained the following spells:

 Spells                   Type           Power      Damage    Failure   Level
 Animate Skeleton         Necr           56%        N/A       1%          1
 Animate Dead             Necr           14%        N/A       9%          4
 Foxfire                  Conj/Fire      12%        2x1d4     14%         1
 Freeze                   Ice            12%        1d4       14%         1
 Sting                    Tmut/Pois      12%        1d3       14%         1
 Call Imp                 Summ           3%         N/A       22%         2
 Static Discharge         Conj/Air       3%         N/A       22%         2
 Agony                    Necr           28%        N/A       22%         5
 Call Canine Familiar     Summ           3%         N/A       41%         3
 Conjure Flame            Conj/Fire      3%         6-21      41%         3
 Frozen Ramparts          Ice            6%         1d2       41%         3
 Inner Flame              Hex/Fire       3%         N/A       41%         3
 Portal Projectile        Hex/Tloc       6%         N/A       41%         3
 Spider Form              Tmut/Pois      3%         N/A       41%         3
 Tukima's Dance           Hex            3%         N/A       41%         3
 Flame Wave               Conj/Fire      3%         2d4       82%         4
 Hailstorm                Conj/Ice       3%         3d3       82%         4
 Ice Form                 Ice/Tmut       3%         N/A       82%         4
 Leda's Liquefaction      Hex/Erth       1%         N/A       82%         4
 Passage of Golubria      Tloc           3%         N/A       82%         4
 Lightning Bolt           Conj/Air       1%         1d12      99%         5
 Yara's Violent Unravell  Hex/Tmut       1%         3d3       99%         5
 Simulacrum               Ice/Necr       8%         N/A       99%         6
 Eringya's Noxious Bog    Tmut/Pois      1%         N/A       100%        6
 Storm Form               Tmut/Air       1%         N/A       100%        7
 Maxwell's Capacitive Co  Air            1%         ∞         100%        8


Dungeon Overview and Level Annotations

Branches:
Dungeon (9/15)             Temple (1/1) D:6
   Lair: D:8-11         Orc: D:9-12

Altars:
Ashenzari
Cheibriados
Elyvilon
Fedhas
Gozag
Makhleb
Nemelex Xobeh
Yredelemnul

Shops:
D:3 [   D:5 (   D:6 (   D:7 (   D:8 !

Annotations:
D:3 2 runed translucent doors, Maimakterion's ghost, amateur DrTm


Innate Abilities, Weirdness & Mutations

You are resistant to damage.
You can heal yourself by infusing magical energy.
You passively map the area around you.
You do not regenerate.


Message History

The six-headed hydra is moderately wounded.
The six-headed hydra bites you. The six-headed hydra barely misses you.
The six-headed hydra bites you but does no damage.
The six-headed hydra bites you! x3
You lop one of the six-headed hydra's heads off!
The flame cauterises the wound!
You slash the five-headed hydra! You burn the five-headed hydra.
You punch the five-headed hydra.
The five-headed hydra is heavily wounded.
You hack one of the five-headed hydra's heads off!
The flame cauterises the wound!
You slice the four-headed hydra!! You burn the four-headed hydra.
The four-headed hydra is severely wounded.
The four-headed hydra bites you!
* * * LOW HITPOINT WARNING * * *
The four-headed hydra bites you!
* * * LOW HITPOINT WARNING * * *
The four-headed hydra closely misses you.
The four-headed hydra bites you but does no damage.
Casting: Vampiric Draining (mildly dangerous; 2% risk of failure)
Confirm with . or Enter, or press ? or * to list all spells.
Aiming: Vampiric Draining (mildly dangerous; 2% risk of failure)
Press: ? - help, Shift-Dir - straight line, f - four-headed hydra
Aim: a four-headed hydra (severely wounded)
You draw life force from the four-headed hydra.
You feel life coursing into your body. The four-headed hydra bites you.
The four-headed hydra bites you!
* * * LOW HITPOINT WARNING * * *
The four-headed hydra closely misses you.
The four-headed hydra bites you.
* * * LOW HITPOINT WARNING * * *
Casting: Vampiric Draining (mildly dangerous; 2% risk of failure)
Confirm with . or Enter, or press ? or * to list all spells.
Aiming: Vampiric Draining (mildly dangerous; 2% risk of failure)
Press: ? - help, Shift-Dir - straight line, f/p - four-headed hydra
Aim: a four-headed hydra (severely wounded)
You draw life force from the four-headed hydra.
You feel life coursing into your body.
The four-headed hydra bites you but does no damage.
The four-headed hydra bites you!
You die...

,, #...##.##............. ...# *
#..#..#.##..)..#..#..# .......*
#..#..##.#.....#..#..# .......#
#..###.#####.#####.### #......#
#..##...##...## ###..# #......#
#..#..#..#.#..###..#.#
#......#####...#.#.#...#.).##.#..
.............##...###..#.#.###.#
* #.........#.@#..###...#.....#
#.........###D#####.#####.###
#............................
#####..........[[.#............W.
#..........D......#..#...)######.
#......#+########....#.......# #.
#......#.# #.##.##......# #.
#....).#.# #......).....# #.
#......#.# ##)#)##.###### #.


You could see a four-headed hydra.

Vanquished Creatures
  A boulder beetle (D:9)
  Erica (D:8)
  A centaur warrior (D:9)
  A two-headed ogre (D:9)
  A deep elf pyromancer (D:9)
  A manticore (D:9)
  An ugly thing (D:9)
  A tengu conjurer (D:9)
  A troll (D:9)
  A hornet (D:9)
  Prince Ribbit (D:7)
  Sigmund (D:3)
  A wraith (D:9)
  3 wyverns
  6 yaks
  2 steam dragons
  A hornet zombie (D:6)
  2 ice beasts
  2 orc warriors (D:9)
  3 ogres
  2 necrophages
  5 centaurs
  Blork the orc (D:6)
  3 kobold brigands
  A gnoll sergeant (D:8)
  2 scorpions
  A bullfrog (D:7)
  A wyvern zombie (D:9)
  A wyvern skeleton (D:7)
  3 water moccasin skeletons
  15 wights
  A howler monkey (D:7)
  3 centaur zombies (D:9)
  2 hounds
  A centaur skeleton (D:6)
  A jelly (D:7)
  A bullfrog skeleton (D:5)
  Jessica (D:3)
  4 iguanas
  13 orc wizards
  2 howler monkey zombies
  11 gnolls
  6 adders
  A shadow imp (D:5)
  2 ufetubi (D:5)
  A worm (D:4)
  2 dart slugs
  14 orcs
  7 bats
  2 endoplasms
  2 giant cockroaches (D:1)
  5 goblins
  13 hobgoblins
  11 jackals
  A quokka (D:3)
  5 ball pythons
  2 frilled lizards
  23 kobolds
  4 rats
208 creatures vanquished.

Notes
Turn   | Place    | Note
-------+----------+-------------------------------------------
     0 | D:1      | avis the Deep Dwarf Necromancer began the quest for the
                  | Orb.
     0 | D:1      | Reached XP level 1. HP: 15/15 MP: 3/3
   191 | D:1      | Reached skill level 1 in Fighting
   323 | D:1      | Reached XP level 2. HP: 25/25 MP: 1/4
   747 | D:1      | Found a faded altar of an unknown god.
   967 | D:1      | Reached XP level 3. HP: 22/32 MP: 1/6
  1021 | D:1      | Learned a level 3 spell: Vampiric Draining
  1948 | D:2      | Reached XP level 4. HP: 37/39 MP: 3/7
  2515 | D:2      | Found a white marble altar of Elyvilon.
  2647 | D:2      | Reached skill level 5 in Necromancy
  3172 | D:3      | Noticed Jessica
  3179 | D:3      | Killed Jessica
  3180 | D:3      | Reached XP level 5. HP: 36/45 MP: 0/8
  3288 | D:3      | Noticed Sigmund
  3538 | D:3      | Found a runed translucent door.
  3538 | D:3      | Noticed Maimakterion's ghost (amateur DrTm)
  3889 | D:3      | Found Micuuhir's Armour Shoppe.
  4083 | D:3      | Found a runed translucent door.
  4433 | D:4      | Reached XP level 6. HP: 51/52 MP: 10/10
  5082 | D:5      | Entered Level 5 of the Dungeon
  5115 | D:5      | Found a broken altar of Ashenzari.
  5752 | D:5      | Reached XP level 7. HP: 40/64 MP: 1/12
  6098 | D:5      | Found Ranetsa's Antique Weapon Shoppe.
  6119 | D:5      | Reached skill level 1 in Armour
  6561 | D:5      | Reached skill level 5 in Stealth
  6986 | D:5      | Reached XP level 8. HP: 36/72 MP: 4/14
  7349 | D:6      | Found a staircase to the Ecumenical Temple.
  7356 | Temple   | Entered the Ecumenical Temple
  7408 | Temple   | Became a worshipper of Makhleb the Destroyer
  7707 | D:6      | Found an opulent altar of Gozag.
  7710 | D:6      | Found a snail-covered altar of Cheibriados.
  7753 | D:6      | Found Faujer's Weapon Shoppe.
  7864 | D:6      | Identified the +1 robe of the Realm of Zot {Dex+3 Slay+6}
  8262 | D:6      | Reached skill level 5 in Fighting
  8279 | D:6      | Noticed Blork the orc
  8286 | D:6      | Killed Blork the orc
  9248 | D:7      | Reached skill level 5 in Invocations
  9305 | D:7      | Noticed Prince Ribbit
  9737 | D:7      | Found Xucraick's Weapon Shop.
  9740 | D:7      | Gained mutation: You passively map the area around you.
                  | [Deep Dwarf growth]
  9740 | D:7      | Reached XP level 9. HP: 50/81 MP: 15/15
  9842 | D:5      | Bought a masterwork hand axe for 168 gold pieces
  9842 | D:5      | Identified the +9 hand axe of the Crawling Thing {venom,
                  | rN+ Dex+3 Stlth+} (You bought it in a shop on level 5 of
                  | the Dungeon)
 10026 | D:7      | Reached skill level 1 in Axes
 10386 | D:7      | Identified the +0 ring mail "Egutagi" {*Slow rCorr MP+9
                  | Int+4}
 10523 | D:7      | Reached skill level 2 in Axes
 10753 | D:7      | Reached skill level 3 in Axes
 10836 | D:7      | Killed Prince Ribbit
 10837 | D:7      | Reached skill level 4 in Axes
 11124 | D:3      | Killed Sigmund
 11316 | D:7      | Reached skill level 5 in Axes
 11330 | D:8      | Noticed Erica
 11349 | D:7      | Reached * piety under Makhleb
 11649 | D:7      | Reached skill level 6 in Axes
 11993 | D:8      | Reached skill level 7 in Axes
 12254 | D:8      | Reached skill level 8 in Axes
 12393 | D:8      | Killed Erica
 12394 | D:8      | Reached skill level 9 in Axes
 12394 | D:8      | Reached XP level 10. HP: 59/88 MP: 0/15
 12674 | D:8      | Found Haecipn's Distillery.
 12891 | D:8      | Reached ** piety under Makhleb
 13178 | D:9      | Noticed a boulder beetle
 13178 | D:9      | Noticed an eight-headed hydra
 13263 | D:9      | Reached skill level 10 in Axes
 13397 | D:9      | Noticed a red ugly thing
 13421 | D:9      | Killed a red ugly thing
 13509 | D:9      | Noticed a centaur warrior
 13527 | D:9      | Killed a centaur warrior
 13528 | D:9      | Reached skill level 11 in Axes
 13563 | D:9      | Found the +7 Kryia's mail coat {PotionHeal*2 rC+}
 13593 | D:9      | Reached skill level 12 in Axes
 13812 | D:9      | Noticed a manticore
 13824 | D:9      | Killed a manticore
 13829 | D:9      | Identified the +9 hand axe of Sloth {flame, *Slow +Blink
                  | rElec MP+9}
 13829 | D:9      | Noticed a deep elf pyromancer
 13840 | D:9      | Killed a boulder beetle
 13841 | D:9      | Reached skill level 13 in Axes
 14061 | D:9      | Reached XP level 11. HP: 42/94 MP: 7/16
 14184 | D:9      | Noticed a two-headed ogre
 14267 | D:9      | Killed a two-headed ogre
 14357 | D:9      | Killed a deep elf pyromancer
 14365 | D:9      | Reached skill level 14 in Axes
 14525 | D:9      | Reached skill level 1 in Shields
 14526 | D:9      | Reached *** piety under Makhleb
 14709 | D:9      | Got the Volume of Creative Transmutation
 14923 | D:9      | HP: 4/94 [four-headed hydra (9)]
 14924 | D:9      | Mangled by a four-headed hydra

Illustrated notes

Levels and vault maps discovered:
D:1:      dpeg_arrival_rhombi, layout_basic, basic_ecumenical_altar
D:2:      layout_basic, basic_altar, grunt_ministairs_9
D:3:      layout_basic, serial_shops, nicolae_shop_waterfront,
          ebering_ghost_sewer_f, minmay_misc_feat_hallway, uniq_sigmund,
          uniq_jessica
D:4:      layout_basic, serial_bayou_crossing
D:5:      nicolae_cairo_tiling_large_dashed, layout_basic,
          mainiacjoe_overflow_small_starburst, kennysheep_windowed_goal
D:6:      layout_layer_cave, nicolae_overflow_squiral, minmay_temple_entry_hall,
          serial_shops, kennysheep_little_box, uniq_blork_the_orc
D:7:      layout_layer_cave, serial_shops, nicolae_shop_bloodbath_and_beyond,
          grunt_decor_clamped, uniq_prince_ribbit1
D:8:      layout_rooms, serial_shops, nicolae_shop_waterfront,
          dk_noncrumbling_4, moated_statue, uniq_erica
D:9:      minmay_the_grid_square_5x5_3x3
          [minmay_the_grid_square_5x5_almost_minimal,
          minmay_the_grid_square_5x5_tri_point,
          minmay_the_grid_square_5x5_longway,
          minmay_the_grid_square_5x5_doubleslash,
          minmay_the_grid_square_5x5_megaprize_open,
          minmay_the_grid_square_5x5_hollow_slash,
          minmay_the_grid_square_5x5_shuriken,
          minmay_the_grid_square_5x5_percent,
          minmay_the_grid_square_5x5_misaligned], layout_basic,
          kennysheep_generic_room_5
Temple:   mainiacjoe_temple_coin_purse

Skill      XL: |  1  2  3  4  5  6  7  8  9 10 11 |
---------------+----------------------------------+-----
Fighting       | 1 2 4 5 |  5.0
Stealth        | 3 4 5 6 |  6.0
Spellcasting   | 2 3 4 |  4.0
Necromancy     | 5 6 7 |  7.0
Dodging        | 3 4 |  4.0
Armour         | 3 4 |  4.0
Invocations    | 5 6 |  6.0
Axes           | 9 13 14 | 14.0
Shields        | 3 |  3.3

Action                   |  1- 3 |  4- 6 |  7- 9 | 10-12 || total
-------------------------+-------+-------+-------+-------++-------
Melee: Dagger            |    41 |    65 |       |       ||   106
       Unarmed           |    15 |       |       |       ||    15
       Falchion          |       |     3 |    89 |       ||    92
       Punch             |       |     1 |     2 |     4 ||     7
       Hand axe          |       |       |    69 |    94 ||   163
 Cast: Pain              |    63 |    27 |       |       ||    90
       Vampiric Draining |     6 |    33 |    98 |    99 ||   236
 Abil: Heal Wounds       |     1 |       |     4 |       ||     5
Evoke: Wand              |       |       |       |     2 ||     2
  Use: Scroll            |       |       |     7 |     1 ||     8
 Stab: Sleeping          |     1 |     2 |     6 |       ||     9
       Distracted        |       |       |     1 |     1 ||     2
       Paralysed         |       |       |       |     1 ||     1
Armor: Robe              |    11 |       |    29 |     2 ||    42
       Leather armour    |       |    17 |    33 |       ||    50
       Steam dragon scal |       |       |       |    60 ||    60
Dodge: Dodged            |    61 |    62 |   231 |   101 ||   455

Table legend: (Time is in decaauts)
 A = Elapsed time spent in this place.
 B = Non-inter-level travel time spent in this place.
 C = Inter-level travel time spent in this place.
 D = Time resting spent in this place.
 E = Time spent auto-exploring this place.
 F = Levels seen in this place.
 G = Mean time per level.
                   A        B        C        D        E       F      G
               +--------+--------+--------+--------+--------+-----+--------+
         Total |  14991 |  13452 |   1539 |   5346 |   4667 |  10 | 1499.1 |
       Dungeon |  14870 |  13333 |   1537 |   5346 |   4624 |   9 | 1652.2 |
        Temple |    121 |    120 |      1 |      0 |     43 |   1 |  121.0 |
               +--------+--------+--------+--------+--------+-----+--------+

Top non-repeatable levels by time:
     D:7: 2679 daAuts
     D:5: 2199 daAuts
     D:6: 1866 daAuts
     D:1: 1844 daAuts
     D:2: 1674 daAuts
     D:8: 1385 daAuts
     D:3: 1268 daAuts
     D:9: 1208 daAuts
     D:4: 743 daAuts
  Temple: 121 daAuts
